 Dungeon Crawl Stone Soup version 0.29-a0-330-g52719c12eb (webtiles) character file.

Game seed: 7087098184949653797

59 Alarak the Chopper (level 3, -2/33 HPs)
             Began as a Deep Dwarf Fighter on Apr 13, 2022.
             Was a Believer of Kikubaaqudgha.
             Slain by a goblin
             ... wielding a +0 club
             ... led by Robin
              (3 damage)
             ... on level 2 of the Dungeon.
             The game lasted 00:03:32 (893 turns).

Alarak the Chopper (Deep Dwarf Fighter)              Turns: 893, Time: 00:03:33

Health: -2/33      AC:  6    Str: 19    XL:     3   Next: 78%
Magic:  3/3        EV:  9    Int: 10    God:    Kikubaaqudgha [**....]
Gold:   53         SH:  4    Dex: 12    Spells: 1/2 levels left

rFire   . . .      SeeInvis .   a - +0 war axe
rCold   . . .      Faith    .   c - +0 buckler
rNeg    . . .      Spirit   .   b - +0 scale mail
rPois   .          Reflect  .   (no helmet)
rElec   .          Harm     .   (no cloak)
rCorr   .          Rampage  .   (no gloves)
Will    .....                   (no boots)
Stlth   ..........              (no amulet)
HPRegen 0.00/turn               (no ring)
MPRegen 0.08/turn               (no ring)

@: no status effects
A: damage resistance, heal wounds, sense surroundings 1, no regeneration
a: Heal Wounds, Renounce Religion, Receive Corpses


You were on level 2 of the Dungeon.
You worshipped Kikubaaqudgha.
Kikubaaqudgha was pleased with you.
You visited 1 branch of the dungeon, and saw 2 of its levels.

You collected 53 gold pieces.

Inventory:

Hand Weapons
 a - a +0 war axe (weapon)
Armour
 b - a +0 scale mail (worn)
 c - a +0 buckler (worn)
Scrolls
 e - a scroll of summoning {unknown}
 g - a scroll of teleportation {unknown}
 j - a scroll of identify {unknown}
Potions
 d - a potion of might
 f - a potion of berserk rage {unknown}
 h - a potion of attraction {unknown}
 i - a potion of heal wounds {unknown}


   Skills:
 - Level 2.6 Fighting
 - Level 3.3 Axes
 - Level 3.2 Armour
 - Level 3.2 Shields
 + Level 2.8 Necromancy


You had one spell level left.
You knew the following spells:

 Your Spells              Type           Power      Damage    Failure   Level
a - Animate Skeleton      Necr           10%        N/A       43%         1

Your spell library contained the following spells:

 Spells                   Type           Power      Damage    Failure   Level
 Pain                     Necr           20%        1d5       43%         1
 Corpse Rot               Necr/Air       4%         N/A       77%         2
 Vampiric Draining        Necr           5%         2d6       80%         3


Dungeon Overview and Level Annotations

Branches:
Dungeon (2/15)

Altars:
Kikubaaqudgha

Annotations:
D:2 Robin


Innate Abilities, Weirdness & Mutations

You are resistant to damage.
You can heal yourself by infusing magical energy.
You passively map a small area around you.
You do not regenerate.


Message History

You block the goblin's attack.
You hit the goblin.
The goblin is heavily wounded.
You slash the goblin!
You kill the goblin!
Kikubaaqudgha accepts your kill. The goblin hits you but does no damage.
You barely miss the goblin.
The goblin is heavily wounded.
The goblin hits you but does no damage. You block the goblin's attack.
You hit the goblin.
You kill the goblin!
Kikubaaqudgha accepts your kill.
You hit the goblin.
You kill the goblin!
Kikubaaqudgha accepts your kill.
You hit the hobgoblin but do no damage. You hit the goblin.
You kill the goblin!
Kikubaaqudgha accepts your kill. The hobgoblin hits you.
* * * LOW HITPOINT WARNING * * *
You block the goblin's attack.
You hit the goblin.
The goblin is heavily wounded.
You closely miss the hobgoblin.
Robin laughs in a distinctly smug fashion.
Robin throws the goblin at you! The hobgoblin misses you.
The goblin hits you with a +0 club.
* * * LOW HITPOINT WARNING * * *
Casting: Animate Skeleton (safe; 43% risk of failure)
Confirm with . or Enter, or press ? or * to list all spells.
Okay, then.
You fail to use your ability.
The hobgoblin closely misses you. The goblin hits you but does no damage.
You fail to use your ability.
The kobold closely misses you. The hobgoblin barely misses you.
The goblin closely misses you.
You fail to use your ability.
The hobgoblin closely misses you. The kobold hits you but does no damage.
The goblin hits you with a +0 club.
You die...
Kikubaaqudgha rasps: "You have failed me!
Welcome... death!"

** , , * #,.....
>.. #. [.. ... , *
#.,... .. , * * , ,
...=..., , , *,*
.#.#. .. , * * *
.g. ,#.##, , *
#K##..... , ,
#@g....# *
##g###### , #...# #
#...# * , #. #...#
#.### #####†..#####
*
#...###...........#
,
*#................
,
##..##........(..#


You could see Robin, a hobgoblin (strong), a goblin (strong) and a kobold.

Vanquished Creatures
  An adder (D:2)
  A worm (D:2)
  A dart slug (D:1)
  4 ball pythons (D:1)
  7 endoplasms
  10 goblins
  5 hobgoblins
  4 kobolds
  A quokka (D:1)
  4 bats
  2 rats (D:1)
40 creatures vanquished.

Notes
Turn   | Place    | Note
-------+----------+-------------------------------------------
     0 | D:1      | Alarak the Deep Dwarf Fighter began the quest for the Orb.
     0 | D:1      | Reached XP level 1. HP: 20/20 MP: 1/1
   157 | D:1      | Reached XP level 2. HP: 21/27 MP: 2/2
   197 | D:1      | Found a faded altar of an unknown god.
   220 | D:1      | Prayed at the altar of an unknown god.
   220 | D:1      | Became a worshipper of Kikubaaqudgha
   220 | D:1      | Reached * piety under Kikubaaqudgha
   220 | D:1      | Received a gift from Kikubaaqudgha
   223 | D:1      | Learned a level 1 spell: Animate Skeleton
   411 | D:1      | Reached skill level 1 in Necromancy
   731 | D:1      | Reached XP level 3. HP: 22/33 MP: 3/3
   877 | D:2      | Noticed Robin
   882 | D:2      | Reached ** piety under Kikubaaqudgha
   890 | D:2      | HP: 1/33 [goblin/+0 club[Robin] (2)]
   893 | D:2      | Slain by a goblin

Illustrated notes

Levels and vault maps discovered:
D:1:      minmay_arrival_up_and_down, layout_basic, basic_ecumenical_altar
D:2:      layout_loops_cross, hangedman_decor_clover_reticule, uniq_robin

Skill      XL: |  1  2  3 |
---------------+----------+-----
Axes           | 3 |  3.3
Necromancy     | 1 2 |  2.8
Fighting       | |  2.6
Armour         | |  3.2
Shields        | |  3.2

Action                   || total
-------------------------++-------
Melee: War axe           ||    83
Armor: Scale mail        ||    40
Dodge: Dodged            ||    42
Block: Buckler           ||    31

Table legend: (Time is in decaauts)
 A = Elapsed time spent in this place.
 B = Non-inter-level travel time spent in this place.
 C = Inter-level travel time spent in this place.
 D = Time resting spent in this place.
 E = Time spent auto-exploring this place.
 F = Levels seen in this place.
 G = Mean time per level.
                   A        B        C        D        E       F      G
               +--------+--------+--------+--------+--------+-----+--------+
         Total |    924 |    886 |     38 |      0 |    621 |   2 |  462.0 |
       Dungeon |    924 |    886 |     38 |      0 |    621 |   2 |  462.0 |
               +--------+--------+--------+--------+--------+-----+--------+

Top non-repeatable levels by time:
     D:1: 805 daAuts
     D:2: 119 daAuts
